 Dungeon Crawl Stone Soup version 0.22-a0-533-g4d20840 (webtiles) character file.

61 iamserjio the Chopper (level 4, -3/23 HPs)
             Began as a Vine Stalker Skald on June 22, 2018.
             Killed from afar by Blork the orc (7 damage)
             ... with a puff of frost
             ... on level 4 of the Dungeon.
             The game lasted 00:04:09 (438 turns).

iamserjio the Chopper (Vine Stalker Skald)           Turns: 438, Time: 00:04:10

Health: -3/23      AC:  3    Str: 14    XL:     4   Next: 7%
Magic:  0/8        EV: 11    Int: 14    God:
Gold:   54         SH:  0    Dex: 13    Spells: 1/7 levels left

rFire    . . .     SeeInvis .   a - +0 hand axe
rCold    . . .     Gourm    .   (no shield)
rNeg     . . .     Faith    .   b - +0 leather armour
rPois    .         Spirit   +   (no helmet)
rElec    .         Reflect  .   (no cloak)
rCorr    .         Harm     .   (no gloves)
MR       .....                  (no boots)
Stlth    +.........             (no amulet)
HPRegen  0.47/turn              (no ring)
MPRegen  0.11/turn              (no ring)

@: no status effects
A: fangs 2, regeneration 1, magic shield, antimagic bite, no potion heal 3, rot
immunity
a: no special abilities


You were on level 4 of the Dungeon.
You were not hungry.

You visited 1 branch of the dungeon, and saw 4 of its levels.

You collected 54 gold pieces.

Inventory:

Hand Weapons
 a - a +0 hand axe (weapon)
Armour
 b - a +0 leather armour (worn)
Magical Staves
 e - an uncursed staff of energy {unknown}
Jewellery
 h - a cursed -3 ring of evasion {unknown}
Scrolls
 f - 3 scrolls of fear {unknown}
 g - a scroll of teleportation {unknown}
Potions
 c - a potion of cancellation {unknown}
Comestibles
 d - 5 rations


   Skills:
 + Level 2.6 Fighting
 * Level 3.3 Axes
 - Level 0.7 Armour
 - Level 1.5 Dodging
 - Level 2.1 Spellcasting
 - Level 3.0 Charms


You had one spell level left.
You knew the following spells:

 Your Spells              Type           Power        Failure   Level  Hunger
a - Infusion              Chrm           #...         9%          1    #......
b - Regeneration          Chrm/Necr      #.........   43%         3    ###....
c - Song of Slaying       Chrm           #.......     13%         2    ###....

Your spell library contained the following spells:

 Spells                   Type           Power        Failure   Level  Hunger
 Shroud of Golubria       Chrm/Tloc      #.........   24%         2    ###....
 Spectral Weapon          Hex/Chrm       #.......     43%         3    ###....


Dungeon Overview and Level Annotations

Branches:
Dungeon (4/15)
 Temple: D:4-7

Altars:

Annotations:
D:4 Blork the orc


Innate Abilities, Weirdness & Mutations

You have extremely sharp teeth.
Your natural rate of healing is unusually fast.
When hurt, damage is shared between your health and your magic reserves.
Your bite disrupts and absorbs the magic of your enemies.
Potions cannot restore your health.
You are immune to rotting.


Message History

Blork the orc misses you.
You hit Blork the orc.
Blork the orc is heavily wounded.
Blork the orc barely misses you. Blork the orc casts a spell at you.
The puff of frost hits you!
You hit Blork the orc.
Blork the orc is severely wounded.
Blork the orc points at you and mumbles some strange words.
The magic dart hits you!
* * * LOW HITPOINT WARNING * * *
You hit Blork the orc.
Blork the orc is almost dead.
Blork the orc casts a spell.
Blork the orc flickers and vanishes!
Deactivating autopickup; reactivate with Ctrl-A.
You hear some strange, mumbled words.
A puff of frost appears from out of thin air!
The puff of frost hits you!
You die...

######## #
#..@{..#
......###..#
..#..####.######
#.....#......##
#..............#
#........<.......
# ...............
...............
.).............


There were no monsters in sight!

Vanquished Creatures
  A hound (D:3)
  An adder (D:3)
  A worm (D:3)
  A dart slug (D:3)
  2 leopard geckos
  2 giant cockroaches
  2 hobgoblins
  2 bats (D:2)
  A frilled lizard (D:2)
  A kobold (D:2)
  A leopard gecko zombie (D:2)
  4 rats
19 creatures vanquished.

Notes
Turn   | Place    | Note
-------+----------+-------------------------------------------
     0 | D:1      | iamserjio the Vine Stalker Skald began the quest for the Orb.
     0 | D:1      | Reached XP level 1. HP: 11/11 MP: 4/4
   217 | D:3      | Noticed a hound
   223 | D:3      | Killed a hound
   223 | D:3      | Reached XP level 2. HP: 12/16 MP: 3/6
   223 | D:3      | Reached XP level 3. HP: 15/19 MP: 3/7
   313 | D:3      | Learned a level 3 spell: Regeneration
   344 | D:2      | Gained mutation: Your natural rate of healing is unusually fast. [Vine Stalker growth]
   344 | D:2      | Reached XP level 4. HP: 2/23 MP: 3/8
   413 | D:3      | Learned a level 2 spell: Song of Slaying
   414 | D:4      | Noticed Blork the orc
   438 | D:4      | Killed from afar by Blork the orc

Vault maps used:
D:1:      dpeg_arrival_water_fire
D:3:      nicolae_gozag_zags_fifth_avenue, minmay_misc_feat_chi
D:4:      minitemple, nicolae_overflow_crystal_walls, first_ration,
          uniq_blork_the_orc

Skill      XL: |  1  2  3 |
---------------+----------+-----
Axes           | 2 3 |  3.3
Fighting       | 2 |  2.6
Armour         | |  0.7
Dodging        | |  1.5
Spellcasting   | |  2.1
Charms         | |  3.0

Action                   |  1- 3 |  4- 6 || total
-------------------------+-------+-------++-------
Melee: Hand axe          |    48 |    16 ||    64
       Bite              |    16 |     1 ||    17
 Cast: Infusion          |     5 |     1 ||     6
Armor: Leather armour    |     5 |     2 ||     7
Dodge: Dodged            |    27 |    13 ||    40

Table legend:
 A = Spawn XP
 B = Non-spawn XP
 C = Spawn XP percentage of total XP
 D = Spawn monster count
 E = Non-spawn monster count
 F = Spawn count percentage of total count
 G = Total turns spent on level
                    A         B        C        D         E        F      G
               +---------+---------+-------+---------+---------+-------+---------
         Total |       0 |      88 |   0.0 |       0 |      19 |   0.0 |   438
               +---------+---------+-------+---------+---------+-------+---------
           D:1 |       0 |       2 |   0.0 |       0 |       1 |   0.0 |    50
           D:2 |       0 |      10 |   0.0 |       0 |       8 |   0.0 |   195
           D:3 |       0 |      73 |   0.0 |       0 |       9 |   0.0 |   169
           D:4 |       0 |       3 |   0.0 |       0 |       1 |   0.0 |    24
               +---------+---------+-------+---------+---------+-------+---------
